 Dungeon Crawl Stone Soup version 0.22-a0-362-g535178c (webtiles) character file.

44 dstrtnsr the Chiller (level 3, 0/25 HPs)
             Began as a Gnoll Ice Elementalist on Apr 22, 2018.
             Slain by an adder (2 damage)
             ... on level 3 of the Dungeon.
             The game lasted 00:02:15 (313 turns).

dstrtnsr the Chiller (Gnoll Ice Elementalist)        Turns: 313, Time: 00:02:16

Health: 0/25       AC:  3    Str: 10    XL:     3   Next: 60%
Magic:  2/9        EV: 14    Int: 23    God:
Gold:   34         SH:  0    Dex: 15    Spells: 8/12 levels left

rFire    . . .     SeeInvis .   l - +2 dagger (elec)
rCold    . . .     Gourm    .   (no shield)
rNeg     + . .     Faith    .   a - +0 robe
rPois    .         Spirit   .   (no helmet)
rElec    .         Reflect  .   (no cloak)
rCorr    .         Harm     .   e - +0 pair of gloves
MR       .....                  (no boots)
Stlth    +++.......             (no amulet)
HPRegen  0.08/turn              k - ring of positive energy
MPRegen  0.11/turn              (no ring)

@: brilliant, lethally poisoned (0 -> -5)
A: distributed training, fangs 1, wild magic 2, strong nose
a: no special abilities


You were on level 3 of the Dungeon.
You were not hungry.

You visited 1 branch of the dungeon, and saw 3 of its levels.

You collected 34 gold pieces.

Inventory:

Hand Weapons
 h - a +0 short sword
 l - a +2 dagger of electrocution (weapon)
Missiles
 d - 8 javelins (quivered)
Armour
 a - a +0 robe (worn)
 e - a +0 pair of gloves (worn)
Jewellery
 k - a ring of positive energy (left hand)
Scrolls
 f - a scroll of identify {unknown}
 g - a scroll of amnesia {unknown}
 i - a scroll of fear {unknown}
 j - a scroll of random uselessness {unknown}
Comestibles
 c - 4 rations {!d}


   Skills:
 + Level 0.8 Fighting
 + Level 0.8 Short Blades
 + Level 0.8 Long Blades
 + Level 0.8 Axes
 + Level 0.8 Maces & Flails
 + Level 0.8 Polearms
 + Level 0.8 Staves
 + Level 0.8 Slings
 + Level 0.8 Bows
 + Level 0.8 Crossbows
 + Level 0.8 Throwing
 + Level 0.8 Armour
 + Level 4.5 Dodging
 + Level 4.1 Stealth
 + Level 0.8 Shields
 + Level 0.8 Unarmed Combat
 + Level 5.0 Spellcasting
 + Level 2.1 Conjurations
 + Level 0.5 Hexes
 + Level 0.5 Charms
 + Level 0.5 Summonings
 + Level 0.5 Necromancy
 + Level 0.5 Translocations
 + Level 0.5 Transmutations
 + Level 0.5 Fire Magic
 + Level 5.4 Ice Magic
 + Level 0.5 Air Magic
 + Level 0.5 Earth Magic
 + Level 0.5 Poison Magic
 + Level 1.0 Invocations
 + Level 0.8 Evocations


You had 8 spell levels left.
You knew the following spells:

 Your Spells              Type           Power        Failure   Level  Hunger
a - Freeze                Ice            ####         1%          1    None
o - Ozocubu's Armour      Chrm/Ice       ######..     2%          3    ##.....


Dungeon Overview and Level Annotations

Branches:
Dungeon (3/15)

Altars:
Ashenzari
Nemelex Xobeh

Annotations:
D:3 Terence


Innate Abilities, Weirdness & Mutations

Your experience applies equally to all skills.
You have very sharp teeth.
Your uncanny sense of smell can sniff out nearby items.
Your spells are harder to cast, but more powerful.


Message History

Unknown command.
You closely miss the frilled lizard. Your bite misses the frilled lizard.
The frilled lizard bites you but does no damage.
You hit the frilled lizard.
Lightning courses through the frilled lizard!
You kill the frilled lizard!
Unknown command.
Casting: Freeze (safe; 1% risk of failure)
Confirm with . or Enter, or press ? or * to list all spells.
Aiming: Freeze (safe; 1% risk of failure)
Press: ? - help, Shift-Dir - straight line, f - giant cockroach
Aim: a giant cockroach (clinging)
You freeze the giant cockroach.
You kill the giant cockroach!
Your Invocations skill increases to level 1!
Found an escape hatch in the floor.
Found 11 gold pieces.
You see here 11 gold pieces.
You now have 34 gold pieces (gained 11).
There is an escape hatch in the floor here.
You slide downwards.
The hatch slams shut behind you.
A leopard gecko, a goblin, an orc and Terence come into view.
Terence shouts!
Found a scroll labeled CAITAA GIVOEF and a scroll labeled ERUALAQ XUDIBU.
Unknown command.
Okay, then.
Unknown command.
The leopard gecko hisses angrily.
Found a ration.
An adder comes into view.
Casting: Freeze (safe; 1% risk of failure)
Confirm with . or Enter, or press ? or * to list all spells.
Aiming: Freeze (safe; 1% risk of failure)
Press: ? - help, Shift-Dir - straight line, f - leopard gecko
Aim: a leopard gecko (clinging)
You freeze the leopard gecko.
You kill the leopard gecko!
Casting: Freeze (safe; 1% risk of failure)
Confirm with . or Enter, or press ? or * to list all spells.
Okay, then.
Unknown command.
Memorise Ozocubu's Armour, consuming 3 spell levels and leaving 8?
You start memorising the spell.
You continue memorising. x3
You finish memorising.
Spell assigned to 'o'.
Unknown command.
Casting: Freeze (safe; 1% risk of failure)
Confirm with . or Enter, or press ? or * to list all spells.
A film of ice covers your body!
The adder hisses angrily.
The goblin closely misses you.
Terence says, "Don't bother to defend, it's senseless."
Unknown command.
You hit the goblin. Lightning courses through the goblin!
You kill the goblin!
Unknown command.
You closely miss Terence.
Terence hits you with an enchanted mace.
Huge Dmg: -24%(-6hp) hp: 56%(14hp)
Casting: Ozocubu's Armour (safe; 12% risk of failure)
Confirm with . or Enter, or press ? or * to list all spells.
Aiming: Freeze (safe; 1% risk of failure)
Press: ? - help, Shift-Dir - straight line, f - Terence
Aim: Terence, wielding an enchanted mace and wearing a glowing scale mail You freeze Terence.
Terence is moderately wounded.
Terence hits you but does no damage.
Unknown command.
You barely miss Terence.
Terence is moderately wounded.
You hit Terence.
Terence is moderately wounded.
The adder bites you but does no damage.
Terence hits you with an enchanted mace!
* * * LOW HITPOINT WARNING * * *
The adder closely misses you.
Huge Dmg: -40%(-10hp) hp: 16%(4hp)
Your icy armour cracks and falls away as you move.
The adder barely misses you.
Unknown command.
You aren't carrying any items that you can evoke.
Unknown command.
Okay, then.
Unknown command.
The adder bites you.
* * * LOW HITPOINT WARNING * * *
You are lethally poisoned!
The adder poisons you!
Found a scale mail.
Found a stone staircase leading down.
Huge Dmg: -4%(-1hp) hp: 12%(3hp) It was a potion of mutation.
You feel extremely strange.
You feel less in control of your magic. x2
* * * LOW HITPOINT WARNING * * *
You feel sick. The adder barely misses you. Terence barely misses you.
The adder bites you but does no damage.
Huge Dmg: -4%(-1hp) hp: 8%(2hp) It was a potion of brilliance.
You feel clever all of a sudden.
* * * LOW HITPOINT WARNING * * *
You feel sick. The adder bites you.
You die...

...........#....
.......@...#....
......?........#
...........##...
......#.........
...........####. ##
....#..#.#######..##
####g..#.†o@........
.....####S@.......
...?## #.........
.... ##..%....^ ...
>........ #........
#........ #........
#.......[


You could see Terence, an adder and an orc.

Vanquished Creatures
  Jessica (D:2)
  A dart slug (D:2)
  2 leopard geckos
  A giant cockroach (D:2)
  2 goblins
  A hobgoblin (D:2)
  2 jackals (D:1)
  A bat (D:2)
  2 frilled lizards (D:2)
  A rat (D:2)
14 creatures vanquished.

Vanquished Creatures (others)
  A ball python (D:3)
1 creature vanquished.

Grand Total: 15 creatures vanquished

Notes
Turn   | Place    | Note
-------+----------+-------------------------------------------
     0 | D:1      | dstrtnsr the Gnoll Ice Elementalist began the quest for the Orb.
     0 | D:1      | Reached XP level 1. HP: 13/13 MP: 6/6
   175 | D:2      | Found a sparkling altar of Nemelex Xobeh.
   207 | D:2      | Noticed Jessica
   214 | D:2      | Killed Jessica
   214 | D:2      | Reached skill level 5 in Spellcasting
   214 | D:2      | Reached XP level 2. HP: 20/20 MP: 4/8
   214 | D:2      | Reached XP level 3. HP: 25/25 MP: 4/9
   247 | D:2      | Found a shattered altar of Ashenzari.
   272 | D:2      | Reached skill level 1 in Invocations
   293 | D:3      | Noticed Terence
   304 | D:3      | Learned a level 3 spell: Ozocubu's Armour
   309 | D:3      | HP: 4/25 [Terence/enchanted mace (10)]
   312 | D:3      | Gained mutation: Your spells are a little harder to cast, but a little more powerful. [potion of mutation]
   312 | D:3      | Gained mutation: Your spells are harder to cast, but more powerful. [potion of mutation]
   313 | D:3      | Slain by an adder

Vault maps used:
D:1:      minmay_arrival_four_houses
D:2:      nemelex_altar_shiori, ashenzari_conservatory_becter, uniq_jessica
D:3:      fiery_altar_vehumet, chequers_ecumenical_altar_simple_redux,
          first_ration, uniq_terence

Skill      XL: |  1  2  3 |
---------------+----------+-----
Conjurations   | 2 |  2.1
Spellcasting   | 5 |  5.0
Invocations    | 1 |  1.0
Fighting       | |  0.8
Short Blades   | |  0.8
Long Blades    | |  0.8
Axes           | |  0.8
Maces & Flails | |  0.8
Polearms       | |  0.8
Staves         | |  0.8
Slings         | |  0.8
Bows           | |  0.8
Crossbows      | |  0.8
Throwing       | |  0.8
Armour         | |  0.8
Dodging        | |  4.5
Stealth        | |  4.1
Shields        | |  0.8
Unarmed Combat | |  0.8
Hexes          | |  0.5
Charms         | |  0.5
Summonings     | |  0.5
Necromancy     | |  0.5
Translocations | |  0.5
Transmutations | |  0.5
Fire Magic     | |  0.5
Ice Magic      | |  5.4
Air Magic      | |  0.5
Earth Magic    | |  0.5
Poison Magic   | |  0.5
Evocations     | |  0.8

Action                   || total
-------------------------++-------
Melee: Dagger            ||     7
Throw: Javelin           ||     2
 Cast: Freeze            ||    17
       Ozocubu's Armour  ||     1
  Use: Potion            ||     2
Armor: Robe              ||     3
Dodge: Dodged            ||     9

Table legend:
 A = Spawn XP
 B = Non-spawn XP
 C = Spawn XP percentage of total XP
 D = Spawn monster count
 E = Non-spawn monster count
 F = Spawn count percentage of total count
 G = Total turns spent on level
                    A         B        C        D         E        F      G
               +---------+---------+-------+---------+---------+-------+---------
         Total |       0 |      63 |   0.0 |       0 |      14 |   0.0 |   313
               +---------+---------+-------+---------+---------+-------+---------
           D:1 |       0 |       6 |   0.0 |       0 |       3 |   0.0 |   133
           D:2 |       0 |      52 |   0.0 |       0 |       9 |   0.0 |   160
           D:3 |       0 |       5 |   0.0 |       0 |       2 |   0.0 |    20
               +---------+---------+-------+---------+---------+-------+---------
